 Dungeon Crawl Stone Soup version 0.29.1-15-g9cfb28693d (webtiles) character file.

Game seed: 12304915734096345234

145 croobank the Ruffian (level 5, 0/47 HPs)
             Began as a Ghoul Monk on Feb 24, 2023.
             Was a Priest of Qazlal.
             Slain by an orc
             ... wielding a +0 club
              (1 damage)
             ... on level 3 of the Dungeon.
             The game lasted 00:06:55 (2437 turns).

croobank the Ruffian (Ghoul Monk)                   Turns: 2437, Time: 00:06:56

Health: 0/47       AC:  3    Str: 17    XL:     5   Next: 27%
Magic:  4/4        EV: 12    Int:  5    God:    Qazlal [***...]
Gold:   124        SH:  0    Dex: 11    Spells: 4/4 levels left

rFire   . . .      SeeInvis .     - Unarmed
rCold   + . .      Faith    .   (no shield)
rNeg    + + +      Spirit   .   a - +0 robe
rPois   ∞          Reflect  .   (no helmet)
rElec   .          Harm     .   p - +0 cloak
rCorr   .          Rampage  .   (no gloves)
Will    .....                   (no boots)
Stlth   +.........              (no amulet)
HPRegen 0.00/turn               (no ring)
MPRegen 0.09/turn               (no ring)

@: confused, brilliant, inhibited regen, invisible
A: claws 1, cold resistance 1, negative energy resistance 3, inhibited
regeneration, torment resistance 2, devour on kill
a: Renounce Religion, Upheaval, Elemental Force


You were on level 3 of the Dungeon.
You worshipped Qazlal.
Qazlal was most pleased with you.
You visited 1 branch of the dungeon, and saw 3 of its levels.

You collected 124 gold pieces.

Inventory:

Hand Weapons
 o - a +4 quarterstaff of chaos
Missiles
 h - 2 throwing nets (quivered)
Armour
 a - a +0 robe (worn)
 p - a +0 cloak (worn)
Wands
 k - a wand of iceblast (4)
 m - a wand of digging (9)
Scrolls
 d - a scroll of identify {unknown}
 e - a scroll of enchant weapon {unknown}
 f - 2 scrolls of teleportation {unknown}
 i - a scroll of silence {unknown}
 j - a scroll of magic mapping {unknown}
Potions
 c - a potion of brilliance
 g - 2 potions of heal wounds {unknown}
 l - a potion of curing {unknown}


   Skills:
 + Level 4.4 Fighting
 + Level 3.6 Dodging
 - Level 2.6 Stealth
 + Level 4.4 Unarmed Combat


You had 4 spell levels left.
You didn't know any spells.
Your spell library contained the following spells:

 Spells                   Type           Power      Damage    Failure   Level
 Ensorcelled Hibernation  Hex/Ice        0%         N/A       63%         2
 Passwall                 Tmut/Erth      0%         N/A       63%         2
 Frozen Ramparts          Ice            0%         1d1       85%         3
 Swiftness                Air            0%         N/A       85%         3
 Hailstorm                Conj/Ice       0%         3d3       99%         4
 Manifold Assault         Tloc           0%         N/A       100%        5


Dungeon Overview and Level Annotations

Branches:
Dungeon (3/15)

Altars:
Qazlal


Innate Abilities, Weirdness & Mutations

You are immune to poison.
You have sharp fingernails.
Your flesh is cold resistant. (rC+)
You are immune to negative energy. (rN+++)
You do not regenerate when monsters are visible.
You are immune to unholy pain and torment.
You thrive by killing the living.


Message History

You feel less confused. The orc wizard completely misses you.
The orc hits you with a +0 club.
You scratch the orc wizard but do no damage.
The orc wizard is severely wounded.
The orc wizard points at you and mumbles some strange words.
You are confused.
The orc closely misses you.
You miss the orc wizard.
The orc wizard is severely wounded.
The orc priest looks satisfied for a moment.
The orc wizard hits you with a +0 dagger.
The orc hits you with a +0 club.
You're too confused to move!
The orc priest invokes the aid of Beogh against you.
Beogh smites you! The orc hits you with a +0 club.
The orc wizard hits you but does no damage.
You closely miss the orc wizard.
The orc wizard is severely wounded.
The orc priest mumbles some strange prayers to Beogh against you.
Beogh smites you!
* * * LOW HITPOINT WARNING * * *
The orc hits you but does no damage.
The orc wizard hits you with a +0 dagger.
* * * LOW HITPOINT WARNING * * *
Annotate which branch? (. - D:3, ? - help, ! - show branch list)
Okay, then.
Okay, then.
You aren't carrying any pieces of jewellery.
You are too confused!
It was a potion of brilliance.
You feel clever all of a sudden.
The orc wizard hits you with a +0 dagger.
* * * LOW HITPOINT WARNING * * *
The orc hits you with a +0 club.
* * * LOW HITPOINT WARNING * * *
You fade into invisibility!
The orc wizard hits you with a +0 dagger.
* * * LOW HITPOINT WARNING * * *
The orc hits you with a +0 club.
You die...

........# #.........#
...)....# #.........#
############.........#
#..............#
#..............#
#..............#
#..............#
#......°.#######
#.......@##
#......§oo#
#......##o#
########.o.


$8)8$ #..$..# #.8$8.# ##._.## ##### You could see an orc priest (unable to see
you), an orc wizard (unable to see you) and 2 orcs.

Vanquished Creatures
  Crazy Yiuf (D:2)
  5 adders
  2 dart slugs (D:1)
  2 orcs
  8 endoplasms
  5 giant cockroaches
  4 hobgoblins
  5 jackals (D:1)
  A quokka (D:3)
  8 ball pythons
  4 bats (D:1)
  2 frilled lizards
  8 goblins
  5 kobolds
  2 rats
62 creatures vanquished.

Notes
Turn   | Place    | Note
-------+----------+-------------------------------------------
     0 | D:1      | croobank the Ghoul Monk began the quest for the Orb.
     0 | D:1      | Reached XP level 1. HP: 19/19 MP: 0/0
   152 | D:1      | Reached XP level 2. HP: 26/26 MP: 1/1
   188 | D:1      | Found a faded altar of an unknown god.
   206 | D:1      | Prayed at the altar of an unknown god.
   206 | D:1      | Became a worshipper of Qazlal Stormbringer
   206 | D:1      | Reached * piety under Qazlal
   206 | D:1      | Reached ** piety under Qazlal
   446 | D:1      | Reached *** piety under Qazlal
   447 | D:1      | Reached XP level 3. HP: 24/31 MP: 2/2
  1176 | D:2      | Got the Excursus on Chilled Displacement
  1309 | D:2      | Found a runed translucent door.
  1310 | D:2      | Noticed Crazy Yiuf
  1450 | D:2      | Reached XP level 4. HP: 37/40 MP: 3/3
  2149 | D:2      | Killed Crazy Yiuf
  2150 | D:2      | Reached XP level 5. HP: 32/46 MP: 4/4
  2436 | D:3      | HP: 2/47 [orc/+0 club (1)]
  2437 | D:3      | Slain by an orc

Illustrated notes

Levels and vault maps discovered:
D:1:      dpeg_arrival_round_a, layout_basic, nicolae_ecumenical_snake_handling
D:2:      minmay_evil_eye, layout_loops_ring, hangedman_glass_teeth,
          uniq_crazy_yiuf_cottage
D:3:      layout_basic, hangedman_decor_points, kennysheep_orc_chapel

Skill      XL: |  1  2  3  4 |
---------------+-------------+-----
Dodging        | 3 |  3.6
Unarmed Combat | 4 |  4.4
Fighting       | 4 |  4.4
Stealth        | |  2.6

Action                   |  1- 3 |  4- 6 || total
-------------------------+-------+-------++-------
Melee: Unarmed           |   104 |    77 ||   181
       Punch             |     3 |       ||     3
Invok: Upheaval          |       |     1 ||     1
  Use: Potion            |       |     3 ||     3
 Stab: Sleeping          |     1 |       ||     1
Armor: Robe              |    11 |     9 ||    20
Dodge: Dodged            |    47 |    43 ||    90
Block: Other             |    13 |    11 ||    24
